AoeStats
← Johannes Kepler

Arabia

503295752Analyzed
1v1 RM · 2mo ago on Aug 31, 2026· 42m 51s· 2 players
Game mode
Random Map
Map size
Tiny (2 player)
Population
200
Speed
Normal
Resources
Standard
Victory
Conquest
Starting age
Dark Age
Ending age
Imperial Age
RankedLock teamsTeams togetherTeam positionsShared explorationLock speedFull tech treeHidden civsTurbo modeCheats
Victory
Defeat
🇹🇷 Gurjaras · Türkiye
997
+14
vs
🇧🇷 Celts · Brazil
963
-14
Johannes Kepler
9:27 Loom
11:36 Feudal Age
12:21 Double-Bit Axe
12:19 Horse Collar
12:32 Gold Mining
21:31 Castle Age
21:11 Forging
22:01 Stone Mining
24:25 Bow Saw
24:20 Pikeman
26:11 Heavy Plow
28:21 Scale Mail Armor
29:00 Gambesons
28:38 Man-at-Arms
33:37 Iron Casting
33:22 Chain Mail Armor
34:25 Stronghold
40:40 Fletching
41:26 Bodkin Arrow
Frostivus
10:04 Feudal Age
8:19 Loom
10:45 Horse Collar
10:51 Double-Bit Axe
19:39 Castle Age
20:34 Husbandry
22:09 Bow Saw
22:01 Heavy Plow
21:53 Gold Mining
24:19 Wheelbarrow
29:31 Hand Cart
29:58 Town Watch
30:21 Stone Mining
31:07 Gold Shaft Mining
33:37 Imperial Age
32:53 Fletching
33:03 Padded Archer Armor
33:26 Ballistics
33:40 Padded Archer Armor
35:52 Chemistry
35:25 Town Patrol
35:59 Conscription
39:38 Elite Elephant Archer
41:21 Elite Shrivamsha Rider
42:14 Bodkin Arrow
42:25 Scale Barding Armor
42:32 Forging
Connection lost

Rejoining the realm…

Still unreachable

The connection could not be restored.

Session expired

The server has moved on; the page needs a fresh start.